Map: Tokamak LE

Players

sebesdes

  • Race: Protoss Protoss
  • League: Master
  • Spawn Location: 1:00

STZsOs (sOs) - Winner!

  • Race: Protoss Protoss
  • Spawn Location: 7:00

Event: HomeStory Cup XXVII

VOD

Have the link to the VOD?

Description

Time

  • Played on: June 28, 2025, 2:05 p.m.
  • Length: 12:36

All games in this series

Show
View Real Time Build Order
Export as new Build Order

sebesdes Protoss 

Build Orders: Oracle Opening, Blink Stalkers 

Get SALT Encoding   

  12  0:00  Probe  
  13  0:12  Probe  
  14  0:17  Pylon  
  14  0:23  Probe  
  15  0:31  Probe  
  15  0:36  Gateway  
  15  0:39  Probe  
  16  0:46  Assimilator  
  17  0:50  Probe  
  18  0:58  Assimilator  
  18  0:59  Probe  
  19  1:07  Probe  
  20  1:11  Gateway  
  20  1:17  Probe  
  21  1:26  Cybernetics Core  
  21  1:29  Probe  
  22  1:37  Pylon  
  22  1:41  Probe  
  23  1:53  Pylon  
  23  1:55  Probe  
  24  2:04  Stalker x2  
  28  2:16  Pylon  
  28  2:21  Stargate  
  28  2:24  Probe  
  28  2:28  Warp Gate  
  28  2:39  Probe  
  29  2:53  Nexus  
  29  2:55  Oracle  
  29  2:57  Probe  
  33  3:09  Probe  
  34  3:17  Twilight Council  
  34  3:19  Probe  
  35  3:27  Probe  
  35  3:29  Pylon  
  36  3:35  Probe  
  37  3:42  Gateway  
  37  3:44  Blink  
  37  3:51  Probe  
  38  4:03  Probe  
  39  4:10  Probe  
  39  4:15  Probe  
  39  4:16  Stalker x2  
  42  4:19  Shield Battery  
  42  4:23  Probe  
  43  4:28  Probe  
  44  4:35  Probe  
  44  4:37  Stalker  
  47  4:40  Probe, Stalker  
  47  4:44  Stalker  
  52  4:49  Pylon  
  52  4:53  Probe  
  53  5:01  Stalker  
  55  5:07  Nexus  
  55  5:08  Probe  
  55  5:12  Stalker  
  58  5:19  Stalker  
  56  5:25  Probe  
  56  5:42  Probe  
  52  5:46  Probe, Stalker x3  
  52  5:48  Assimilator, Charge  
  60  5:50  Probe  
  61  5:58  Probe  
  61  5:59  Probe  
  63  6:09  Adept x2  
  63  6:10  Stalker  
  63  6:11  Probe  
  70  6:14  Pylon  
  70  6:18  Probe  
  67  6:35  Probe  
  66  6:41  Stalker  
  66  6:42  Stalker x2  
  64  6:50  Probe x2  
  60  6:55  Probe  
  60  6:57  Gateway  
  60  6:59  Gateway  
  58  7:03  Gateway  
  58  7:05  Probe x2  
  58  7:06  Stalker x3  
  58  7:08  Probe  
  66  7:13  Probe  
  67  7:18  Probe  
  67  7:21  Gateway  
  69  7:23  Gateway, Probe  
  69  7:24  Probe  
  69  7:28  Probe  
  69  7:29  Stalker  
  73  7:30  Stalker  
  76  7:48  Probe  
  76  7:50  Stalker  
  76  7:51  Probe  
  76  7:53  Stalker  
  76  7:54  Stalker  
  78  8:02  Probe x2  
  78  8:04  Stalker  
  78  8:05  Zealot x2  
  86  8:07  Probe  
  86  8:10  Pylon  
  86  8:12  Pylon  
  87  8:13  Pylon, Zealot  
  87  8:19  Zealot x2  
  93  8:22  Pylon  
  93  8:28  Zealot x3  
  93  8:29  Zealot  
  93  8:30  Stalker  
  103  8:35  Zealot  
  103  8:39  Zealot x2  
  109  8:48  Zealot  
  109  8:49  Zealot x3  
  117  8:56  Pylon  
  111  9:06  Stalker x2  
  111  9:07  Stalker x2  
  105  9:12  Stalker x3  
  111  9:18  Zealot  
  111  9:21  Probe  
  109  9:25  Nexus  
  109  9:28  Probe  
  106  9:33  Pylon, Stalker  
  106  9:35  Stalker  
  106  9:37  Zealot x4  
  118  9:39  Zealot  
  120  9:47  Pylon, Probe  
  119  10:00  Stalker x2, Zealot x5  
  125  10:24  Stalker  
  125  10:25  Stalker x2, Zealot x5  
  134  10:29  Probe  
  113  10:41  Probe x2  
  109  10:45  Stalker x2  
  109  10:47  Zealot  
  109  10:48  Zealot x3  
  109  10:49  Probe  
  117  10:53  Shield Battery  
  117  10:57  Probe  
  117  10:58  Probe  
  117  11:01  Zealot x2  
  115  11:24  Stalker x2  
  100  11:31  Stalker  
  100  11:32  Zealot x5  
  107  11:35  Probe x2  
  107  11:43  Probe  
  107  11:45  Probe  
  107  11:46  Gateway  
  109  11:48  Gateway, Stalker, Zealot  
  109  11:51  Probe  
  110  11:55  Zealot x3  
  114  12:04  Zealot x2  
  110  12:13  Stalker  
  110  12:15  Zealot  
  94  12:23  Zealot x4  
Show
View Real Time Build Order
Export as new Build Order

STZsOs Protoss - Winner!

Build Orders: Phoenix Opening, Archon Immortal 

Get SALT Encoding   

  12  0:00  Probe  
  13  0:12  Probe  
  14  0:17  Pylon  
  14  0:23  Probe  
  15  0:32  Probe  
  15  0:36  Gateway  
  15  0:40  Probe  
  16  0:46  Assimilator  
  17  0:51  Probe  
  18  0:59  Probe  
  18  1:01  Pylon  
  19  1:04  Assimilator  
  19  1:07  Probe  
  20  1:17  Probe  
  20  1:25  Cybernetics Core  
  21  1:29  Probe  
  24  1:41  Probe  
  25  1:55  Probe  
  26  2:04  Warp Gate, Sentry  
  26  2:07  Probe  
  27  2:11  Nexus  
  27  2:13  Pylon  
  27  2:20  Pylon  
  27  2:24  Stalker  
  29  2:31  Probe  
  30  2:38  Shield Battery  
  30  2:43  Phoenix  
  30  2:47  Pylon  
  30  2:49  Probe  
  31  2:53  Stargate  
  31  2:55  Stalker  
  32  3:02  Probe  
  33  3:14  Probe  
  33  3:16  Shield Battery  
  33  3:19  Probe  
  34  3:26  Probe  
  36  3:27  Probe  
  36  3:28  Phoenix  
  37  3:38  Probe x2  
  41  3:44  Robotics Facility  
  41  3:50  Probe  
  44  3:56  Probe  
  44  4:02  Probe  
  46  4:03  Oracle, Stalker  
  46  4:08  Probe  
  49  4:14  Probe  
  51  4:17  Pylon  
  51  4:19  Gateway  
  51  4:22  Assimilator  
  51  4:23  Probe  
  52  4:25  Immortal  
  52  4:26  Probe  
  57  4:42  Probe x2  
  59  4:51  Pylon  
  59  4:53  Sentry  
  61  5:01  Nexus  
  61  5:02  Immortal, Pylon  
  61  5:11  Probe x2  
  67  5:23  Shield Battery  
  67  5:24  Stalker  
  67  5:25  Shield Battery, Stalker  
  71  5:32  Forge  
  69  5:38  Immortal  
  71  5:46  Probe x2  
  71  5:50  Stalker x2  
  71  5:54  Protoss Ground Weapons Level 1  
  71  5:55  Pylon  
  75  5:58  Gateway  
  75  6:02  Probe  
  75  6:05  Probe  
  75  6:08  Twilight Council  
  75  6:09  Probe  
  75  6:10  Probe  
  77  6:17  Probe  
  77  6:18  Probe  
  80  6:20  Probe  
  82  6:27  Probe  
  82  6:29  Stalker x2  
  82  6:30  Probe  
  82  6:32  Probe  
  82  6:39  Probe  
  80  6:42  Probe, Charge  
  80  6:44  Probe  
  77  6:51  Probe, Warp Prism  
  79  6:54  Probe  
  79  7:02  Stalker x3  
  79  7:06  Probe  
  86  7:11  Gateway  
  86  7:12  Photon Cannon  
  86  7:13  Gateway  
  86  7:22  Photon Cannon  
  86  7:25  Zealot x2  
  86  7:26  Zealot  
  86  7:29  Immortal  
  96  7:36  Gateway, Templar Archives  
  96  7:39  Pylon  
  96  7:43  Probe  
  97  7:57  Gateway  
  97  8:02  Gateway  
  97  8:03  Zealot x3  
  97  8:04  Protoss Ground Weapons Level 2  
  103  8:15  Nexus  
  103  8:16  Pylon  
  103  8:27  Gateway  
  103  8:29  Gateway  
  103  8:30  High Templar x2, Zealot  
  103  8:31  Pylon  
  103  8:33  Pylon  
  109  8:34  Archon  
  109  8:36  Shield Battery  
  109  8:41  Zealot x3  
  115  8:52  Immortal  
  115  8:54  Gateway, Zealot x2  
  113  9:06  Zealot x5  
  109  9:19  High Templar  
  109  9:20  High Templar, Zealot  
  115  9:30  Archon  
  105  9:33  Probe x4, Photon Cannon  
  105  9:35  Immortal, Pylon  
  113  9:39  Zealot x7  
  113  9:45  Pylon  
  127  9:49  Zealot x2  
  131  9:59  Zealot x3  
  137  10:00  Zealot x3  
  137  10:03  Probe  
  140  10:15  Zealot  
  140  10:16  Zealot x4  
  150  10:24  Nexus  
  138  10:30  Pylon  
  138  10:32  Pylon  
  122  10:35  High Templar x2  
  122  10:36  Zealot x2  
  122  10:40  Archon  
  130  10:50  Shield Battery  
  130  10:54  Warp Prism  
  130  10:57  Zealot x3  
  136  11:10  High Templar x2  
  136  11:11  Zealot x5  
  142  11:15  Archon  
  134  11:33  Immortal  
  134  11:37  Zealot x3  
  142  11:40  Zealot x6  
  154  11:58  Zealot x5  
  146  12:24  Zealot x3  
  146  12:25  Zealot x8  
Tags
 
Add a new tag
Caveats
  • Supply blocks, unpowered buildings, or Contaminate may cause inaccurate times.
  • Supply counts are checked every 10 seconds.